 Dungeon Crawl Stone Soup version 0.30.1-3-gfc49f6343a (webtiles) character file.

Game seed: 904525931548383056

10245 arthad the Geomancer (level 11, -1/64 HPs)
             Began as a Gargoyle Earth Elementalist on July 23, 2023.
             Was a Believer of Vehumet.
             Slain by a black bear (4 damage)
             ... on level 11 of the Dungeon.
             The game lasted 00:36:46 (11144 turns).

arthad the Geomancer (Gargoyle Earth Elementalist) Turns: 11144, Time: 00:36:46

Health: -1/64      AC: 19    Str: 13    XL:     11   Next: 59%
Magic:  1/22       EV: 12    Int: 19    God:    Vehumet [**....]
Gold:   709        SH:  0    Dex: 16    Spells: 14/25 levels left

rFire   . . .        J - +2 broad axe (vamp)
rCold   . . .        (no shield)
rNeg    + . .        N - +0 swamp dragon scales
rPois   ∞            G - +2 hat
rElec   +            Q - +0 cloak
rCorr   .            (no gloves)
SInv    .            (no boots)
Will    .....        (no amulet)
Stlth   +++          e - +6 ring of dexterity
HPRegen 0.30/turn    I - ring of wizardry
MPRegen 0.18/turn

%: wizardry (x1)
@: no status effects
A: sickness immunity, AC +8, negative energy resistance 1, electricity
resistance, torment resistance 1, petrification resistance
a: Renounce Religion


You were on level 11 of the Dungeon.
You worshipped Vehumet.
Vehumet was pleased with you.
You visited 2 branches of the dungeon, and saw 12 of its levels.

You collected 806 gold pieces.
You spent 97 gold pieces at shops.

Inventory:

Hand Weapons
 z - a +1 flail of protection
 C - a +2 vampiric spear
 J - a +2 vampiric broad axe (weapon)
 L - a +3 heavy quarterstaff
 M - a +1 heavy morningstar
Missiles
 k - a curare-tipped dart
 l - 20 poisoned darts
Armour
 a - a +0 robe
 t - a +1 chain mail of fire resistance
 G - a +2 hat (worn)
 N - +0 swamp dragon scales (worn)
 Q - a +0 cloak (worn)
 U - a +0 tower shield of fire resistance
 W - a +0 troll leather armour
Jewellery
 b - a ring of resist corrosion
 e - a +6 ring of dexterity (left hand)
 w - a ring of poison resistance
 D - a ring of flight
 I - a ring of wizardry (right hand)
 K - a +6 ring of strength
Wands
 d - a wand of paralysis (1)
 x - a wand of quicksilver (3)
 F - a wand of roots (10)
 O - a wand of flame (25)
 V - a wand of mindburst (7)
Scrolls
 c - 2 scrolls of fear
 i - 2 scrolls of enchant armour
 m - 2 scrolls of magic mapping
 o - 4 scrolls of noise
 q - 4 scrolls of fog
 r - a scroll of immolation {unknown}
 s - 5 scrolls of amnesia {unknown}
 u - 2 scrolls of brand weapon {unknown}
 v - a scroll of enchant weapon {unknown}
 y - a scroll of torment {unknown}
 E - a scroll of butterflies {unknown}
 T - 4 scrolls of identify
Potions
 f - a potion of lignification
 g - 5 potions of mutation
 h - 2 potions of ambrosia
 j - 2 potions of invisibility {unknown}
 n - 5 potions of might {unknown}
 p - a potion of magic
 B - 2 potions of curing {unknown}
 H - a potion of brilliance {unknown}
 P - a potion of attraction {unknown}
 R - a potion of resistance {unknown}
 S - 2 potions of flight {unknown}


   Skills:
 + Level 5.9 Fighting
 + Level 4.3 Armour
 + Level 4.7 Dodging
 + Level 6.9 Stealth
 * Level 7.6 Spellcasting
 * Level 8.4 Conjurations
 + Level 4.4 Transmutations
 * Level 10.1 Earth Magic


You had 14 spell levels left.
You knew the following spells:

 Your Spells              Type           Power      Damage    Failure   Level
a - Sandblast             Erth           90%        2d19      1%          1
b - Passwall              Tmut/Erth      29%        N/A       1%          2
c - Stone Arrow           Conj/Erth      84%        3d12      1%          3
d - Petrify               Tmut/Erth      35%        N/A       4%          4
e - Foxfire               Conj/Fire      92%        2x1d8     1%          1

Your spell library contained the following spells:

 Spells                   Type           Power      Damage    Failure   Level
 Magic Dart               Conj           100%       1d8       1%          1
 Apportation              Tloc           14%        N/A       8%          1
 Necrotise                Necr           28%        1d5       8%          1
 Slow                     Hex            28%        N/A       8%          1
 Summon Small Mammal      Summ           28%        N/A       8%          1
 Ignite Poison            Fire/Tmut/Pois 12%        N/A       12%         3
 Sticky Flame             Conj/Fire      23%        2d4       13%         4
 Confusing Touch          Hex            7%         N/A       22%         3
 Vampiric Draining        Necr           7%         2d6       22%         3
 Vhi's Electric Charge    Tloc/Air       14%        N/A       22%         3
 Arcjolt                  Conj/Air       11%        1d21      34%         5
 Anguish                  Hex/Necr       3%         N/A       56%         4
 Cause Fear               Hex            3%         N/A       56%         4
 Plasma Beam              Fire/Air       3%         2x1d15    100%        6
 Enfeeble                 Hex            3%         N/A       100%        7
 Ignition                 Fire           3%         3d4       100%        8


Dungeon Overview and Level Annotations

Branches:
Dungeon (11/15)            Temple (1/1) D:7            Lair (0/5) D:11
    Orc: D:9-12

Altars:
Ashenzari
Cheibriados
Dithmenos
Elyvilon
Fedhas
Gozag
Hepliaklqana
Kikubaaqudgha
Makhleb
Nemelex Xobeh
Okawaru
Qazlal
Ru
Sif Muna
Trog
Uskayaw
Vehumet
Wu Jian
Xom
Yredelemnul
Zin
The Shining One

Shops:
D:2 *=(   D:3 =   D:7 ?   D:9 !

Annotations:
D:4 2 transporters, suzumiya's ghost, amateur DEHu
D:5 2 transporters, ShellytheWitch's ghost, novice MiBe


Innate Abilities, Weirdness & Mutations

You are immune to sickness and miasma.
Your stone body is resilient. (AC +8)
You are immune to poison.
You resist negative energy. (rN+)
You are resistant to electric shocks. (rElec)
You are resistant to unholy torment.
You are immune to petrification.


Message History

The purple ugly thing is severely wounded.
The purple ugly thing tentacle-slaps you.
* * * LOW HITPOINT WARNING * * *
Casting: Stone Arrow (safe; 1% risk of failure)
Confirm with . or Enter, or press ? or * to list all spells.
Aiming: Stone Arrow (safe; 1% risk of failure)
Press: ? - help, Shift-Dir - straight line, f/p - purple ugly thing
Aim: a purple ugly thing (severely wounded, 76% to hit)
The stone arrow misses the purple ugly thing.
The purple ugly thing tentacle-slaps you but does no damage.
Casting: Stone Arrow (safe; 1% risk of failure)
Confirm with . or Enter, or press ? or * to list all spells.
Aiming: Stone Arrow (safe; 1% risk of failure)
Press: ? - help, Shift-Dir - straight line, f/p - purple ugly thing
Aim: a purple ugly thing (severely wounded, 76% to hit)
The stone arrow hits the purple ugly thing!
The purple ugly thing is almost dead.
The purple ugly thing closely misses you.
Aiming: Sandblast (safe; 1% risk of failure)
Press: ? - help, Q - select action, (/) - cycle Shift-Dir - straight line, f/p - purple ugly thing
Aim: a purple ugly thing (almost dead, 85% to hit)
The blast of sand hits the purple ugly thing.
The purple ugly thing is almost dead.
The purple ugly thing tentacle-slaps you!
* * * LOW HITPOINT WARNING * * *
Aiming: Sandblast (safe; 1% risk of failure)
Press: ? - help, Q - select action, (/) - cycle Shift-Dir - straight line, f/p - purple ugly thing
Aim: a purple ugly thing (almost dead, 85% to hit)
Okay, then.
Unknown command.
Okay, then.
Aiming: Sandblast (safe; 1% risk of failure)
Press: ? - help, Q - select action, (/) - cycle Shift-Dir - straight line, f/p - purple ugly thing
Aim: a purple ugly thing (almost dead, 85% to hit)
The blast of sand hits the purple ugly thing!
You kill the purple ugly thing!
Vehumet accepts your kill.
You hear a roar!
The black bear bites you.
You die...

.#..........#.....#
............#.....#
....######'##.....# ##
......##........### #.
.......#........# #.
................# #.
.>.....Y....<...########.
.......h#####'#..........
.......#@.#...#..........
......##..#...#..........
....## #.######..........
#... #.# #....####....
#.. ... #....#..###+# ..
... #....#...#...
######....#..##...
#......###..##...
+......#....##..#


You could see an elephant and a black bear (berserk).

Vanquished Creatures
  Josephine (D:11)
  Erolcha (D:10)
  A two-headed ogre (D:11)
  Lodul (D:11)
  2 ugly things (D:11)
  Joseph (D:7)
  Maggie (D:7)
  2 komodo dragons
  2 trolls
  Grinder (D:4)
  2 shadows (D:10)
  5 yaks (D:11)
  6 wraiths
  Menkaure (D:7)
  A water moccasin (D:5)
  2 orc warriors (D:7)
  5 ice beasts
  A sky beast (D:8)
  8 ogres
  A centaur (D:8)
  A phantom (D:7)
  A kobold brigand (D:4)
  A gnoll sergeant (D:10)
  2 bullfrogs
  3 scorpions (D:5)
  10 wights
  3 killer bees (D:9)
  3 howler monkeys
  2 jellies
  Crazy Yiuf (D:7)
  2 hounds (D:6)
  4 orc priests
  A gnoll bouda (D:6)
  6 iguanas
  5 orc wizards
  A sleepcap (D:4)
  16 gnolls
  12 adders
  A shadow imp (D:7)
  2 white imps
  2 worms
  3 dart slugs
  31 orcs
  11 endoplasms
  5 giant cockroaches
  8 goblins
  5 hobgoblins
  4 jackals
  4 quokkas
  6 ball pythons
  6 bats
  7 frilled lizards
  5 kobolds
  13 rats
232 creatures vanquished.

Vanquished Creatures (others)
  17 foxfires
17 creatures vanquished.

Grand Total: 249 creatures vanquished

Notes
Turn   | Place    | Note
-------+----------+-------------------------------------------
     0 | D:1      | arthad the Gargoyle Earth Elementalist began the quest for
                  | the Orb.
     0 | D:1      | Reached XP level 1. HP: 10/10 MP: 3/3
    67 | D:1      | Reached XP level 2. HP: 15/15 MP: 1/5
   326 | D:1      | Found a faded altar of an unknown god.
   548 | D:1      | Reached skill level 4 in Earth Magic
   642 | D:1      | Reached skill level 1 in Transmutations
   642 | D:1      | Reached XP level 3. HP: 20/20 MP: 4/6
  1055 | D:2      | Learned a level 2 spell: Passwall
  1059 | D:2      | Learned a level 3 spell: Stone Arrow
  1210 | D:2      | Reached XP level 4. HP: 24/24 MP: 1/7
  1213 | D:2      | Reached skill level 1 in Fighting
  1213 | D:2      | Reached skill level 1 in Conjurations
  1434 | D:2      | Found Dizuit's Weapon Emporium.
  1468 | D:2      | Found Coeguf's Jewellery Shop.
  1580 | D:2      | Reached XP level 5. HP: 15/29 MP: 6/9
  1684 | D:2      | Found Huluyf's Assorted Antiques.
  1689 | D:2      | Bought a scroll labelled JOYMAI PEFURASAXI for 25 gold
                  | pieces
  1689 | D:2      | Bought a scroll labelled YNEWNO MIKI for 25 gold pieces
  1689 | D:2      | Bought a lumpy dark potion for 22 gold pieces
  1689 | D:2      | Bought a scroll labelled QEPPOTAA VICS for 25 gold pieces
  1800 | D:3      | Found Sexietsanunt's Jewellery Boutique.
  1953 | D:3      | Found a glowing golden altar of the Shining One.
  2861 | D:4      | Reached XP level 6. HP: 34/34 MP: 7/10
  3034 | D:3      | Reached skill level 5 in Earth Magic
  3150 | D:4      | Noticed suzumiya's ghost (amateur DEHu)
  3151 | D:4      | Found a transporter.
  3151 | D:4      | Found a transporter.
  3152 | D:4      | Noticed Grinder
  3152 | D:4      | Identified the +9 dire flail of the Distant Future {freeze,
                  | rElec rF+ rCorr Dex-4}
  3171 | D:4      | Paralysed by Grinder for 5 turns
  3176 | D:4      | Killed Grinder
  3177 | D:4      | Reached XP level 7. HP: 20/40 MP: 4/12
  3713 | D:5      | Entered Level 5 of the Dungeon
  3724 | D:5      | Reached skill level 6 in Earth Magic
  3731 | D:5      | Reached XP level 8. HP: 26/45 MP: 4/14
  4116 | D:5      | Found a transporter.
  4118 | D:5      | Noticed ShellytheWitch's ghost (novice MiBe)
  4137 | D:5      | Found a snail-covered altar of Cheibriados.
  4182 | D:5      | HP: 1/46 [orc priest/divine providence (15)]
  4198 | D:5      | Found a transporter.
  5178 | D:6      | Reached skill level 7 in Earth Magic
  5265 | D:6      | Reached skill level 5 in Spellcasting
  5597 | D:6      | Reached skill level 5 in Conjurations
  5597 | D:6      | Reached XP level 9. HP: 30/51 MP: 11/16
  5602 | D:6      | Learned a level 4 spell: Petrify
  5929 | D:7      | Noticed Joseph
  5930 | D:7      | Noticed Menkaure
  5935 | D:7      | Paralysed by Joseph for 2 turns
  5998 | D:7      | Reached skill level 1 in Armour
  6042 | D:7      | Found a glowing silver altar of Zin.
  6072 | D:7      | Found a staircase to the Ecumenical Temple.
  6080 | D:7      | Found Iphogix's Magic Scroll Shoppe.
  6083 | Temple   | Entered the Ecumenical Temple
  6185 | Temple   | Became a worshipper of Vehumet
  6233 | D:7      | Reached skill level 5 in Stealth
  6412 | D:7      | Killed Menkaure
  6646 | D:7      | Paralysed by Joseph for 3 turns
  6656 | D:7      | Paralysed by Joseph for 2 turns
  6662 | D:7      | Killed Joseph
  6833 | D:7      | Noticed Maggie
  6848 | D:7      | Killed Maggie
  6849 | D:7      | Reached skill level 8 in Earth Magic
  7083 | D:7      | Found a sacrificial altar of Ru.
  7168 | D:7      | Found a runed translucent door.
  7169 | D:7      | Noticed Crazy Yiuf
  7177 | D:7      | Killed Crazy Yiuf
  7322 | D:8      | Reached * piety under Vehumet
  7322 | D:8      | Offered knowledge of Foxfire by Vehumet.
  7323 | D:8      | Reached XP level 10. HP: 51/58 MP: 16/19
  7325 | D:8      | Learned a level 1 spell: Foxfire
  7434 | D:8      | Found a bloodstained altar of Trog.
  7486 | D:8      | Found a blossoming altar of Fedhas.
  8303 | D:9      | Found a shimmering altar of Xom.
  8499 | D:9      | Found Hiameqiz's Distillery.
  8593 | D:9      | Found a stormy altar of Qazlal.
  9191 | D:10     | Entered Level 10 of the Dungeon
  9213 | D:10     | Noticed Erolcha
  9221 | D:10     | Killed Erolcha
  9222 | D:10     | Reached skill level 5 in Fighting
  9273 | D:10     | Reached skill level 9 in Earth Magic
 10126 | D:11     | Noticed a purple ugly thing
 10139 | D:11     | Killed a purple ugly thing
 10217 | D:11     | Noticed a two-headed ogre
 10230 | D:11     | Reached XP level 11. HP: 54/64 MP: 15/21
 10328 | D:11     | Noticed Josephine
 10340 | D:11     | Killed Josephine
 10488 | D:11     | Killed a two-headed ogre
 10635 | D:11     | Noticed Lodul
 10650 | D:11     | Killed Lodul
 10651 | D:11     | Reached skill level 10 in Earth Magic
 10829 | D:11     | Reached ** piety under Vehumet
 10838 | D:11     | Offered knowledge of Magic Dart by Vehumet.
 11125 | D:11     | Found a staircase to the Lair.
 11129 | D:11     | Noticed a purple ugly thing
 11143 | D:11     | HP: 2/64 [purple ugly thing (15)]
 11144 | D:11     | Killed a purple ugly thing
 11144 | D:11     | Slain by a black bear

Illustrated notes

Levels and vault maps discovered:
D:1:      heliophobic_arrival_battle_scene, layout_loops_cross,
          chequers_ecumenical_altar_simple_redux, minmay_rat_gold_closets
D:2:      layout_basic, serial_shops, shop, nicolae_shop_rolling_square,
          nicolae_shop_bloodbath_and_beyond
D:3:      layout_loops_ring, tso_metal_star, serial_shops, shop, minmay_vboxes
D:4:      layout_rooms, gammafunk_ghost_smash, minmay_hedge_maze, uniq_grinder
D:5:      layout_basic, kennysheep_slug_shrine, gammafunk_ghost_mausoleum,
          nicolae_elevator_lobby_plus
D:6:      layout_cave_pods, serial_column_ruins, column_ruins_hut_pillars,
          column_ruins_square_medium, column_ruins_grid_1,
          column_ruins_corridor_straight, column_ruins_columns_straight,
          minmay_misc_feat_ornament
D:7:      lemuel_ice_spiral_2, layout_rooms, lemuel_round_altar,
          pf_just_have_faith, minmay_temple_entry_mist, serial_shops, shop,
          nrook_loot_triangle, uniq_crazy_yiuf_cottage, uniq_joseph,
          uniq_menkaure, uniq_maggie
D:8:      layout_basic, mainiacjoe_overflow_big_doors
D:9:      layout_grid_maze, lemuel_round_altar, mainiacjoe_overflow_24_doors,
          serial_shops, nicolae_shop_window_shopping, minmay_lizard_king
D:10:     layout_gridville, uniq_erolcha
D:11:     layout_gridville, david_lair_generic, uniq_josephine, uniq_lodul
Temple:   compressed_dpeg_circular_temple

Skill      XL: |  1  2  3  4  5  6  7  8  9 10 11 |
---------------+----------------------------------+-----
Earth Magic    | 4 5 6 7 8 9 10 | 10.1
Transmutations | 1 2 3 4 |  4.4
Fighting       | 1 2 3 4 5 |  5.9
Conjurations   | 1 2 3 5 6 7 8 |  8.4
Dodging        | 2 3 4 |  4.7
Spellcasting   | 3 4 5 6 7 |  7.6
Stealth        | 3 4 5 6 |  6.9
Armour         | 2 3 4 |  4.3

Action                     |  1- 3 |  4- 6 |  7- 9 | 10-12 || total
---------------------------+-------+-------+-------+-------++-------
  Melee: Unarmed           |    34 |    35 |       |       ||    69
         Broad axe         |       |       |     3 |    22 ||    25
  Throw: Dart              |       |     3 |       |       ||     3
   Cast: Sandblast         |    46 |    94 |   196 |   169 ||   505
         Stone Arrow       |       |       |    14 |    21 ||    35
         Petrify           |       |       |     3 |     2 ||     5
         Foxfire           |       |       |       |    10 ||    10
  Evoke: Wand              |       |       |     1 |     3 ||     4
    Use: Potion            |       |     3 |     4 |     3 ||    10
         Scroll            |       |     4 |     3 |       ||     7
   Stab: Sleeping          |       |     1 |       |       ||     1
 Armour: Robe              |    33 |    51 |    25 |       ||   109
         Swamp dragon scal |       |       |     5 |   120 ||   125
         Skin              |       |       |     2 |       ||     2
  Dodge: Dodged            |    54 |   124 |    60 |   170 ||   408
